 Dungeon Crawl Stone Soup version 0.21-a0-2-ge494091 (webtiles) character file.

54 Chiseanne the Insei (level 3, -1/32 HPs)
             Began as a Naga Transmuter on May 21, 2017.
             Slain by a kobold (2 damage)
             ... on level 2 of the Dungeon.
             The game lasted 00:03:21 (1801 turns).

Chiseanne the Insei (Naga Transmuter)               Turns: 1801, Time: 00:03:22

Health: -1/32      AC:  2    Str: 12    XL:     3   Next: 91%
Magic:  5/6        EV: 10    Int: 13    God:
Gold:   81         SH:  0    Dex: 12    Spells: 0/6 levels left

rFire    . . .     SeeInvis +     - Unarmed
rCold    . . .     Gourm    .   (no shield)
rNeg     . . .     Faith    .   b - +0 robe
rPois    +         Spirit   .   (no helmet)
rElec    .         Reflect  .   (no cloak)
rCorr    .         Harm     .   (no gloves)
MR       .....                  (no barding)
Stlth    +.........             (no amulet)
Regen    0.1/turn               (no ring)
MPRegen  0.1/turn               (no ring)

@: lethally poisoned (-1 -> -6), appendage (expiring), hasted, quick
A: horns 2, see invisible, deformed body, poison resistance, slowness 2, slow
metabolism 1, spit poison 1, AC +1
a: Spit Poison, End Transformation


You were on level 2 of the Dungeon.
You were not hungry.
You had grown temporary horns.
You visited 1 branch of the dungeon, and saw 2 of its levels.

You collected 81 gold pieces.

Inventory:

Missiles
 a - 25 arrows
 i - 20 bolts
Armour
 b - a +0 robe (worn)
Scrolls
 f - a scroll of fear
 h - a scroll of identify
Potions
 j - a potion of flight
 o - a potion of brilliance
Books
 c - a book of Changes

   Spells                             Type                      Level
   a - Beastly Appendage              Transmutation                1
   b - Sticks to Snakes               Transmutation                2
   c - Spider Form                    Transmutation/Poison         3
   d - Ice Form                       Ice/Transmutation            4
   e - Blade Hands                    Transmutation                5
Comestibles
 d - a bread ration
 k - 2 chunks of flesh
 n - 2 fruits
 p - a meat ration


   Skills:
 * Level 1.7 Fighting
 * Level 2.0 Dodging
 * Level 3.4 Unarmed Combat
 * Level 2.2 Spellcasting
 * Level 2.6 Transmutations


You couldn't memorise any spells.
You knew the following spells:

 Your Spells              Type           Power        Failure   Level  Hunger
a - Beastly Appendage     Tmut           #.....       9%          1    ##.....
b - Sticks to Snakes      Tmut           #.......     13%         2    ###....
c - Spider Form           Tmut/Pois      #.........   41%         3    ####...


Dungeon Overview and Level Annotations

Branches:
Dungeon (2/15)

Altars:


Innate Abilities, Weirdness & Mutations

You cannot wear boots.
Your serpentine skin is tough. (AC +1)
You have supernaturally acute eyesight. (SInv)
Armour fits poorly on your strangely shaped body.
Your system is resistant to poisons. (rPois)
You cover ground very slowly.
You have a slow metabolism.
You can spit poison.
You have a pair of horns on your head.


Message History

You feel sick.
The kobold throws a stone.
The stone hits you but does no damage.
You have got your breath back.
* * * LOW HITPOINT WARNING * * *
You feel sick. The kobold hits you.
* * * LOW HITPOINT WARNING * * *
You hit the kobold.
The kobold is severely wounded.
Your transformation is almost over.
The kobold hits you.
* * * LOW HITPOINT WARNING * * *
You feel yourself speed up.
* * * LOW HITPOINT WARNING * * *
You feel sick. The kobold closely misses you.
Your magical contamination has completely faded away.
A bat comes into view.
You hit the kobold but do no damage.
The kobold is severely wounded.
The kobold hits you.
You die...

..#.# ... ###
g#.## #.. ... ...
... #.##.##b#
#..)#.# .. ..#
##..># ... ...
#†.###.# . .. ..#
#K.....# #. #. #.#
#@####.###.##.##.#
#(# ..........#
#.# #.##......#
#.######..........
#..=..##.##.......
#####.##..........
#.####.##..##. #.#
#.##..##.
##.####.##..##.


You could see a bat and a kobold.

Vanquished Creatures
  A gnoll (D:1)
  An adder (D:2)
  A worm (D:1)
  A dart slug (D:1)
  2 leopard geckos
  2 bats
  3 giant cockroaches (D:1)
  8 goblins
  4 hobgoblins
  A kobold (D:1)
  3 rats (D:1)
27 creatures vanquished.

Notes
Turn   | Place    | Note
-------+----------+-------------------------------------------
     0 | D:1      | Chiseanne the Naga Transmuter began the quest for the Orb.
     0 | D:1      | Reached XP level 1. HP: 18/18 MP: 3/3
   332 | D:1      | Reached XP level 2. HP: 25/25 MP: 5/5
   789 | D:1      | Reached XP level 3. HP: 31/31 MP: 6/6
  1754 | D:2      | Learned a level 2 spell: Sticks to Snakes
  1758 | D:2      | Learned a level 3 spell: Spider Form
  1800 | D:2      | HP: 1/32 [poisoned by an adder]
  1801 | D:2      | Slain by a kobold

Vault maps used:
D:1:      co_arrival_random_square_maze
D:2:      minmay_quantized, uniq_sigmund, uniq_natasha, uniq_robin

Skill      XL: |  1  2  3 |
---------------+----------+-----
Dodging        | 2 |  2.0
Fighting       | |  1.7
Unarmed Combat | |  3.4
Spellcasting   | |  2.2
Transmutations | |  2.6

Action                   || total
-------------------------++-------
Melee: Unarmed           ||   124
       Headbutt          ||     1
       Punch             ||     1
 Cast: Beastly Appendage ||     2
 Abil: Spit Poison       ||     7
  Use: Scroll            ||     8
       Potion            ||     1
 Stab: Sleeping          ||     3
       Distracted        ||     1
  Eat: Chunk             ||     2
Armor: Robe              ||    22
Dodge: Dodged            ||    54
